 Dungeon Crawl Stone Soup version 0.29.1-15-g9cfb28693d (webtiles) character file.

Game seed: 10321660646296755285

87 Heoruswealwe the Digger (level 4, -4/24 HPs)
             Began as a Deep Elf Earth Elementalist on Mar 18, 2023.
             Slain by a phantom (6 damage)
             ... created by the anger of Yredelemnul
             ... on level 2 of the Dungeon.
             The game lasted 00:12:45 (832 turns).

Heoruswealwe the Digger (DEEE)                       Turns: 832, Time: 00:12:45

Health: -4/24      AC:  2    Str:  5    XL:     4   Next: 28%
Magic:  2/11       EV: 12    Int: 22    God:
Gold:   44         SH:  0    Dex: 15    Spells: 7/10 levels left

rFire   . . .      SeeInvis .   j - +0 short sword
rCold   . . .      Faith    .   (no shield)
rNeg    . . .      Spirit   .   a - +0 robe
rPois   .          Reflect  .   (no helmet)
rElec   .          Harm     .   (no cloak)
rCorr   .          Rampage  .   (no gloves)
Will    .....                   (no boots)
Stlth   ++........              (no amulet)
HPRegen 0.08/turn               (no ring)
MPRegen 0.12/turn               (no ring)

@: no status effects
A: no striking features
a: no special abilities


You were on level 2 of the Dungeon.
You visited 1 branch of the dungeon, and saw 2 of its levels.

You collected 44 gold pieces.

Inventory:

Hand Weapons
 j - a +0 short sword (weapon)
Armour
 a - a +0 robe (worn)
Scrolls
 d - a scroll of butterflies {unknown}
 e - a scroll of poison {unknown}
 f - a scroll of enchant armour {unknown}
 g - 2 scrolls of identify {unknown}
 i - a scroll of noise {unknown}
Potions
 b - a potion of magic
 c - a potion of berserk rage {unknown}
 h - a potion of degeneration {unknown}
 k - a potion of cancellation {unknown}


   Skills:
 - Level 2.4 Dodging
 - Level 2.4 Stealth
 + Level 3.8 Spellcasting
 + Level 1.6 Conjurations
 + Level 2.1 Transmutations
 * Level 4.4 Earth Magic


You had 7 spell levels left.
You knew the following spells:

 Your Spells              Type           Power      Damage    Failure   Level
a - Sandblast             Erth           46%        2d11      1%          1
b - Passwall              Tmut/Erth      15%        N/A       4%          2

Your spell library contained the following spells:

 Spells                   Type           Power      Damage    Failure   Level
 Stone Arrow              Conj/Erth      34%        3d9       10%         3
 Petrify                  Tmut/Erth      18%        N/A       28%         4
 Frozen Ramparts          Ice            8%         1d2       34%         3
 Inner Flame              Hex/Fire       4%         N/A       34%         3
 Metabolic Englaciation   Hex/Ice        2%         N/A       97%         5
 Polar Vortex             Ice            2%         N/A       100%        9


Dungeon Overview and Level Annotations

Branches:
Dungeon (2/15)

Altars:
Yredelemnul


Message History

The scorpion is heavily wounded.
The scorpion stings you but does no damage.
The scorpion barely misses you.
The blast of sand hits the scorpion!
You kill the scorpion!
You feel yourself speed up. The phantom hits you.
The phantom blinks!
You blink.
Your Transmutations skill increases to level 2!
Your Earth Magic skill increases to level 4!
You have reached level 4!
You feel clever.
The blast of sand hits the phantom.
The phantom is moderately damaged.
The phantom barely misses you.
An adder comes into view.
The blast of sand hits the phantom!
The phantom is severely damaged.
The adder hisses angrily.
The phantom hits you but does no damage.
The phantom hits you.
The phantom blinks!
You blink.
Casting: Sandblast (safe; 1% risk of failure)
Confirm with . or Enter, or press ? or * to list all spells.
Aiming: Sandblast (safe; 1% risk of failure)
Press: ? - help, Shift-Dir - straight line, f - adder, p - phantom
Aim: an adder (72% to hit)
The blast of sand hits the adder!
The adder is severely wounded.
The adder barely misses you. The phantom hits you.
The adder closely misses you.
Casting: Sandblast (safe; 1% risk of failure)
Confirm with . or Enter, or press ? or * to list all spells.
Aiming: Sandblast (safe; 1% risk of failure)
Press: ? - help, Shift-Dir - straight line, f/p - adder
Aim: an adder (severely wounded, 72% to hit)
The blast of sand hits the adder!
You kill the adder!
The phantom hits you!
* * * LOW HITPOINT WARNING * * *
The phantom blinks!
You blink.
Found 7 gold pieces.
The phantom hits you.
You die...

#....# #....# .. #....# ..
##....# #$ #####.....+ #.
..........# ###.#####
####.###### ........
###...### ###..##########
....#(..#####...@..<§......
###...#.....#.#W...§#.###.#
##.##.....#.#...†........
#.#......#.###.#.#######
#.#........#.......)...#
#.#......###.##.#.####.#
##.##.....# #.#.......#.#
###...#.....###'#..#..#.#.#
....#...####......<<......#


You could see a phantom.

Vanquished Creatures
  A scorpion (D:2)
  An adder (D:2)
  A dart slug (D:2)
  A ball python (D:1)
  3 endoplasms
  A giant cockroach (D:2)
  4 goblins (D:1)
  A hobgoblin (D:1)
  4 jackals (D:1)
  A quokka (D:2)
  2 bats (D:1)
  2 frilled lizards
  4 kobolds
  A rat (D:1)
27 creatures vanquished.

Vanquished Creatures (others)
  4 plants (D:1)
4 creatures vanquished.

Grand Total: 31 creatures vanquished

Notes
Turn   | Place    | Note
-------+----------+-------------------------------------------
     0 | D:1      | Heoruswealwe the Deep Elf Earth Elementalist began the
                  | quest for the Orb.
     0 | D:1      | Reached XP level 1. HP: 10/10 MP: 6/6
   187 | D:1      | Reached XP level 2. HP: 15/15 MP: 6/8
   314 | D:1      | Learned a level 2 spell: Passwall
   455 | D:1      | Found a faded altar of an unknown god.
   468 | D:1      | Reached skill level 1 in Conjurations
   500 | D:1      | Got the Codex of Frigorific Fire
   521 | D:1      | Prayed at the altar of an unknown god.
   521 | D:1      | Became a worshipper of Yredelemnul the Dark
   521 | D:1      | Reached * piety under Yredelemnul
   522 | D:1      | Fell from the grace of Yredelemnul
   714 | D:2      | Reached XP level 3. HP: 19/19 MP: 5/9
   734 | D:2      | Noticed a scorpion
   827 | D:2      | Noticed a phantom
   828 | D:2      | Killed a scorpion
   829 | D:2      | Reached skill level 4 in Earth Magic
   829 | D:2      | Reached XP level 4. HP: 16/24 MP: 5/11
   832 | D:2      | Slain by a phantom

Illustrated notes

Levels and vault maps discovered:
D:1:      dpeg_arrival_orchard, layout_basic, hellmonk_ecumenical_altar_blasted,
          nicolae_kite_square_tiling_tiny
D:2:      layout_basic, minivault_11, minmay_misc_feat_tower

Skill      XL: |  1  2  3 |
---------------+----------+-----
Conjurations   | 1 |  1.6
Transmutations | 2 |  2.1
Earth Magic    | 4 |  4.4
Dodging        | |  2.4
Stealth        | |  2.4
Spellcasting   | |  3.8

Action                   |  1- 3 |  4- 6 || total
-------------------------+-------+-------++-------
Melee: Club              |    18 |       ||    18
       Punch             |     1 |       ||     1
 Cast: Sandblast         |    34 |     4 ||    38
       Passwall          |     2 |       ||     2
Invok: Renounce Religion |     1 |       ||     1
Armor: Robe              |     2 |     1 ||     3
Dodge: Dodged            |     8 |     3 ||    11
